 Dungeon Crawl Stone Soup version 0.19.4-10-g532645f (webtiles) character file.

2431 volk64 the Chopper (level 9, -11/84 HPs)
             Began as a Troll Monk on Feb 25, 2017.
             Was an Elder of Vehumet.
             Killed from afar by a hell hound (17 damage)
             ... with a blast of flame
             ... on level 7 of the Dungeon.
             The game lasted 00:47:37 (5668 turns).

volk64 the Chopper (Troll Monk)                     Turns: 5668, Time: 00:47:38

Health: -11/84     AC:  9    Str: 22    XL:     9   Next: 24%
Magic:  4/11       EV: 13    Int:  8    God:    Vehumet [****..]
Gold:   392        SH:  0    Dex: 12    Spells: 4 memorised, 3 levels left

rFire  . . .     SeeInvis .     t - +0 giant spiked club
rCold  . . .     Gourm    +     E - +0 robe {MR+}
rNeg   . . .     Faith    .     (shield currently unavailable)
rPois  .         Spirit   .     (helmet restricted)
rElec  .         Reflect  .     (no cloak)
rCorr  .         Harm     .     (gloves unavailable)
MR     +....                    (boots unavailable)
Stlth  ++........               (no amulet)
                                y - +2 ring of evasion
                                d - +4 ring of protection

@: no status effects
A: unfitting armour, claws 3, fast metabolism 3, gourmand, regeneration 1,
shaggy fur 1, tough skin 2
a: Renounce Religion


You were on level 7 of the Dungeon.
You worshipped Vehumet.
Vehumet was greatly pleased with you.
You were very full.

You visited 1 branch of the dungeon, and saw 8 of its levels.

You collected 392 gold pieces.

Inventory:

Hand Weapons
 n - a +1 short sword of holy wrath
 t - a +0 giant spiked club (weapon)
 x - a +1 war axe
Missiles
 e - 3 throwing nets (quivered)
 l - 176 stones
Armour
 E - a +0 robe of magic resistance (worn)
Jewellery
 d - a +4 ring of protection (left claw)
 y - a +2 ring of evasion (right claw)
Wands
 q - a wand of polymorph (9/24)
Scrolls
 c - 7 scrolls of identify
 f - a scroll of amnesia
 m - a scroll of fog
 r - 3 scrolls of teleportation
 v - 4 scrolls of remove curse
 w - 2 scrolls of noise {unknown}
 A - a scroll of recharging
 B - a scroll of blinking {unknown}
 C - a scroll of magic mapping {unknown}
Potions
 g - 2 potions of curing
 s - 3 potions of flight
 D - a potion of brilliance
Comestibles
 b - 8 bread rations
 h - 3 slices of pizza
 j - 9 beef jerkies
 o - 11 chunks of flesh
 p - 3 royal jellies
 u - 4 meat rations


   Skills:
 + Level 4.1 Fighting
 + Level 4.8(5.0) Axes
 + Level 2.0(4.0) Maces & Flails
 + Level 4.4 Dodging
 + Level 1.5 Stealth
 + Level 3.7 Unarmed Combat
 + Level 2.6 Spellcasting
 + Level 2.8 Conjurations
 * Level 2.2 Hexes
 + Level 1.3 Fire Magic
 + Level 2.6 Earth Magic


You had 3 spell levels left.
You knew the following spells:

 Your Spells              Type           Power        Failure   Level  Hunger
a - Sandblast             Erth           #.....       4%          1    ##.....
b - Throw Flame           Conj/Fire      #.....       7%          2    ###....
c - Stone Arrow           Conj/Erth      #.....       11%         3    ####...
d - Fulminant Prism       Conj/Hex       #.........   52%         4    #####..


Dungeon Overview and Level Annotations

Branches:
Dungeon (8/15)             Temple (0/1) D:4
   Lair: D:8-11

Altars:
Elyvilon
Fedhas
Gozag
Makhleb
Nemelex Xobeh
Okawaru
Sif Muna
Vehumet
Xom
Yredelemnul
Zin

Shops:
D:4 }?:

Annotations:
D:8 Maurice


Innate Abilities, Weirdness & Mutations

You are too large for most types of armour.
You have claws for hands.
Your metabolism is lightning-fast.
You like to eat raw meat.
Your natural rate of healing is unusually fast.
You are covered in fur. (AC +1)
You have very tough skin. (AC +2)


Message History

You completely miss the hell hound.
The hell hound is heavily wounded.
The hell hound barely misses you. The hell hound bites you!
* * * LOW HITPOINT WARNING * * *
Some of the chunks of flesh in your inventory have rotted away.
You barely miss the hell hound.
The hell hound is heavily wounded.
The hell hound completely misses you. The hell hound misses you.
The hell hound bites you!
* * * LOW HITPOINT WARNING * * *
Casting: Stone Arrow
Confirm with . or Enter, or press ? or * to list all spells.
Okay, then.
Unknown command.
You closely miss the hell hound.
The hell hound is heavily wounded.
The hell hound misses you. The hell hound breathes flames at you.
The blast of flame hits you!
You die...

##..###.# #...# ###
#########....#.# #...######..
.......##.##.#.# #.[........#
.#####.##.##.#.#######...#####..#
.# #.##.......................#
.# #........................>..
.# #.###...###..........)......
.#####.# #<...##[#####...#####.##
.......# #..#.##@# #.........#
##########..#.##h# #...#######
#.........# #...# #.#..#..###
#...# #.#..#..##### #...##
###.#..#..#...###....#
######.#.####...###.##....#
....#...........# #..####.#
###....#........# ###.....#


You could see a hell hound.

Vanquished Creatures
  Joseph (D:7)
  Prince Ribbit (D:7)
  Menkaure (D:7)
  A phantom (D:7)
  2 ice beasts
  A sky beast (D:7)
  4 ogres
  A necrophage (D:5)
  A centaur (D:4)
  2 jellies (D:5)
  A howler monkey (D:4)
  2 crimson imps
  2 hounds (D:4)
  2 orc priests
  2 iguanas (D:5)
  5 worker ants
  5 orc wizards
  4 hound skeletons
  3 gnolls (D:4)
  8 adders
  An ooze (D:1)
  An adder skeleton (D:4)
  2 dart slugs (D:1)
  4 worms
  4 leopard geckos
  23 orcs
  4 giant cockroaches
  13 goblins
  13 hobgoblins
  12 jackals
  10 kobolds
  4 quokkas
  2 ball pythons
  10 bats
  6 frilled lizards
  7 rats
165 creatures vanquished.

Vanquished Creatures (others)
  5 dream sheep (D:3)
  A fulminant prism (D:7)
6 creatures vanquished.

Grand Total: 171 creatures vanquished

Notes
Turn   | Place    | Note
-------+----------+-------------------------------------------
     0 | D:1      | volk64 the Troll Monk began the quest for the Orb.
     0 | D:1      | Reached XP level 1. HP: 22/22 MP: 0/0
   163 | D:1      | Reached XP level 2. HP: 27/29 MP: 1/1
   314 | D:1      | Reached XP level 3. HP: 36/36 MP: 2/2
   624 | D:2      | Found a radiant altar of Vehumet.
   667 | D:2      | Became a worshipper of Vehumet
   667 | D:2      | Reached * piety under Vehumet
   667 | D:2      | Offered knowledge of Sandblast by Vehumet.
   667 | D:2      | Reached ** piety under Vehumet
   670 | D:2      | Learned a level 1 spell: Sandblast
   716 | D:2      | Offered knowledge of Throw Flame by Vehumet.
   844 | D:2      | Reached XP level 4. HP: 38/44 MP: 1/3
   873 | D:2      | Learned a level 2 spell: Throw Flame
  1610 | D:3      | Offered knowledge of Stone Arrow by Vehumet.
  1632 | D:3      | Noticed a dream sheep
  1632 | D:3      | Noticed a dream sheep
  1632 | D:3      | Noticed a dream sheep
  1632 | D:3      | Noticed a dream sheep
  1632 | D:3      | Noticed a dream sheep
  1632 | D:3      | Found a shimmering altar of Xom.
  1637 | D:3      | Killed a dream sheep
  1637 | D:3      | Killed a dream sheep
  1637 | D:3      | Killed a dream sheep
  1637 | D:3      | Killed a dream sheep
  1638 | D:3      | Killed a dream sheep
  1713 | D:3      | Found an iron altar of Okawaru.
  1714 | D:3      | Found a sparkling altar of Nemelex Xobeh.
  1926 | D:3      | Found a deep blue altar of Sif Muna.
  1926 | D:3      | Found a shimmering altar of Xom.
  2034 | D:4      | Reached XP level 5. HP: 39/52 MP: 0/4
  2048 | D:4      | Found Salappaw's Gadget Shoppe.
  2105 | D:4      | Found a burning altar of Makhleb.
  2108 | D:4      | Noticed a blizzard demon
  2110 | D:4      | Found a glowing silver altar of Zin.
  2110 | D:4      | Noticed an angel
  2158 | D:4      | Reached *** piety under Vehumet
  2158 | D:4      | Reached skill level 1 in Axes
  2215 | D:4      | Found Jount's Book Shoppe.
  2277 | D:4      | Reached skill level 1 in Earth Magic
  2318 | D:4      | HP: 2/53 [poisoned by a worker ant]
  2323 | D:4      | HP: 1/53 [poisoned by a worker ant]
  2329 | D:4      | HP: 1/53 [poisoned by a worker ant]
  2511 | D:4      | Noticed a centaur
  2513 | D:4      | Found a blossoming altar of Fedhas.
  2585 | D:4      | Reached XP level 6. HP: 61/61 MP: 3/6
  2684 | D:4      | Noticed an ice beast
  2701 | D:4      | Killed an ice beast
  2701 | D:4      | Reached skill level 1 in Spellcasting
  2707 | D:4      | Found Tefoiree's Magic Scroll Shop.
  2712 | D:4      | Learned a level 3 spell: Stone Arrow
  2735 | D:4      | Offered knowledge of Fulminant Prism by Vehumet.
  2813 | D:4      | Found a staircase to the Ecumenical Temple.
  2848 | D:4      | Reached XP level 7. HP: 52/67 MP: 3/7
  3143 | D:4      | Reached skill level 1 in Conjurations
  3187 | D:5      | Entered Level 5 of the Dungeon
  4043 | D:5      | Found a white marble altar of Elyvilon.
  4150 | D:6      | Reached XP level 8. HP: 58/78 MP: 1/9
  4157 | D:6      | Learned a level 4 spell: Fulminant Prism
  4355 | D:6      | Found an opulent altar of Gozag.
  4543 | D:6      | Reached **** piety under Vehumet
  4777 | D:7      | Found a basalt altar of Yredelemnul.
  4799 | D:7      | Noticed Menkaure
  4806 | D:7      | Killed Menkaure
  4880 | D:7      | Noticed Prince Ribbit
  4897 | D:7      | Offered knowledge of Bolt of Magma by Vehumet.
  4904 | D:7      | Reached skill level 1 in Hexes
  4907 | D:7      | Killed Prince Ribbit
  4907 | D:7      | Reached skill level 1 in Fire Magic
  5228 | D:7      | Noticed Joseph
  5239 | D:7      | Killed Joseph
  5239 | D:7      | Reached skill level 1 in Maces & Flails
  5239 | D:7      | Reached XP level 9. HP: 57/84 MP: 2/11
  5545 | D:8      | Noticed Maurice
  5668 | D:7      | Killed from afar by a hell hound

Skill      XL: |  1  2  3  4  5  6  7  8  9 |
---------------+----------------------------+-----
Dodging        | 3 4 |  4.4
Fighting       | 3 4 |  4.1
Axes           | 1 2 3 4 |  4.8
Earth Magic    | 1 2 |  2.6
Spellcasting   | 1 2 |  2.6
Conjurations   | 1 2 |  2.8
Hexes          | 1 2 |  2.2
Fire Magic     | 1 |  1.3
Maces & Flails | 1 2 |  2.0
Stealth        | |  1.5
Unarmed Combat | |  3.7

Action                   |  1- 3 |  4- 6 |  7- 9 || total
-------------------------+-------+-------+-------++-------
Melee: Unarmed           |    91 |       |       ||    91
       Punch             |     1 |     4 |     1 ||     6
       Short sword       |    28 |    18 |       ||    46
       Flail             |       |    54 |       ||    54
       War axe           |       |   136 |   134 ||   270
       Giant spiked club |       |       |    64 ||    64
Throw: Throwing net      |     1 |       |       ||     1
 Cast: Sandblast         |     7 |    20 |    11 ||    38
       Throw Flame       |       |    10 |    48 ||    58
       Stone Arrow       |       |     3 |    42 ||    45
       Fulminant Prism   |       |       |     1 ||     1
  Use: Potion            |       |     6 |     7 ||    13
       Scroll            |       |    11 |     3 ||    14
 Stab: Sleeping          |     4 |       |       ||     4
  Eat: Chunk             |    14 |    24 |    39 ||    77
Armor: Robe              |    65 |    96 |    84 ||   245
Dodge: Dodged            |   106 |   206 |   201 ||   513
